 Dungeon Crawl Stone Soup version 0.31-a0-430-gf8416d752b (webtiles) character file.

Game seed: 6353020629690874869

578 Ethylacetat the Changeling (level 7, -8/47 HPs)
             Began as an Octopode Shapeshifter on July 31, 2023.
             Mangled by a gnoll sergeant
             ... wielding a +0 spear
              (13 damage)
             ... on level 5 of the Dungeon.
             The game lasted 00:05:11 (3418 turns).

Ethylacetat the Changeling (Octopode Shapeshifter)  Turns: 3418, Time: 00:05:11

Health: -8/47      AC:  5    Str: 14    XL:     7   Next: 36%
Magic:  7/7        EV: 14    Int: 11    God:
Gold:   188        SH:  0    Dex: 14    Spells: 6/6 levels left

rFire   + . .        f - +2 dagger (venom)
rCold   . . .        j - orb {mayhem}
rNeg    + . .        (helmet currently unavailable)
rPois   .            (no amulet)
rElec   .            o - +4 ring of protection
rCorr   .            n - ring of positive energy
SInv    .            q - ring of protection from fire
Will    .....        (no ring)
Stlth   ++           (no ring)
HPRegen 0.27/turn    (no ring)
MPRegen 0.10/turn    (no ring)
                     (no ring)

%: mayhem
@: beast-form
A: beast (slay +3), almost no armour, amphibious, 8 rings, camouflage 1,
gelatinous body 1, (nimble swimmer 1), tentacles
a: Begin Untransformation


You were on level 5 of the Dungeon.
You were a hulking beast.
You visited 1 branch of the dungeon, and saw 5 of its levels.

You collected 188 gold pieces.

Inventory:

Hand Weapons
 f - a +2 dagger of venom (weapon)
Armour
 j - an orb of mayhem (worn)
Jewellery
 n - a ring of positive energy (right tentacle)
 o - a +4 ring of protection (left tentacle)
 q - a ring of protection from fire (on tentacle)
Talismans
 b - a beast talisman (active)
Scrolls
 d - a scroll of amnesia {unknown}
 g - a scroll of summoning {unknown}
 h - 4 scrolls of identify {unknown}
 i - 2 scrolls of noise {unknown}
 k - 3 scrolls of immolation {unknown}
 l - a scroll of revelation {unknown}
 p - a scroll of poison {unknown}
 r - a scroll of brand weapon {unknown}
Potions
 a - a potion of lignification
 c - 2 potions of curing {unknown}
 e - 3 potions of heal wounds {unknown}
 m - a potion of berserk rage {unknown}


   Skills:
 + Level 3.7 Fighting
 - Level 3.0 Dodging
 + Level 4.8 Unarmed Combat
 * Level 5.1 Shapeshifting


You had 6 spell levels left.
You didn't know any spells.
Your spell library contained the following spells:

 Spells                   Type           Power      Damage    Failure   Level
 Apportation              Tloc           0%         N/A       34%         1
 Lesser Beckoning         Tloc           0%         N/A       47%         2
 Scorch                   Fire           0%         2d5       47%         2
 Gell's Gravitas          Tloc           0%         N/A       71%         3
 Portal Projectile        Hex/Tloc       0%         N/A       71%         3
 Teleport Other           Tloc           0%         N/A       71%         3
 Tukima's Dance           Hex            0%         N/A       71%         3
 Flame Wave               Conj/Fire      0%         2d4       98%         4
 Iskenderun's Mystic Bla  Conj/Tloc      0%         2d3       98%         4
 Alistair's Intoxication  Tmut/Pois      0%         N/A       100%        5
 Summon Cactus Giant      Summ           0%         N/A       100%        6


Dungeon Overview and Level Annotations

Branches:
Dungeon (5/15)
 Temple: D:4-7

Altars:

Shops:
D:1 :(   D:4 ?


Innate Abilities, Weirdness & Mutations

You are a hulking beast.
Your limbs bulge with bestial killing power. (Slay +3)
You cannot wear most types of armour.
You are amphibious.
You can wear up to eight rings at the same time.
Your skin changes colour to match your surroundings (Stealth+).
Your rubbery body absorbs attacks. (AC +1, EV +1)
((You are camouflaged when in or above water. (Stealth+)))
You have tentacles for arms and can constrict up to eight enemies at once.


Message History

The gnoll hits you with a +0 club.
You closely miss the gnoll. Your grab misses the gnoll.
The gnoll closely misses you. x2
The gnoll sergeant hits you but does no damage.
You closely miss the gnoll. Your grab misses the gnoll. The gnoll misses you.
The gnoll barely misses you.
The gnoll sergeant hits you from afar with a +0 spear.
You hit the gnoll.
The gnoll is poisoned.
You grab the gnoll. You squeeze the gnoll!
You kill the gnoll!
The gnoll sergeant flies into a frenzy!
The gnoll sergeant hits the gnoll with a +0 spear!
The gnoll hits the gnoll sergeant but does no damage.
Unknown command.
The gnoll sergeant hits the gnoll with a +0 spear!
The gnoll dies!
The gnoll sergeant hits the gnoll with a +0 spear!
The gnoll sergeant completely misses the gnoll.
The gnoll barely misses the gnoll sergeant.
The gnoll sergeant closely misses the gnoll.
The gnoll sergeant hits the gnoll with a +0 spear!
The gnoll dies!
The gnoll sergeant barely misses you.
The gnoll sergeant hits you with a +0 spear!
You hit the gnoll sergeant. You grab the gnoll sergeant.
The gnoll sergeant is moderately wounded.
You constrict the gnoll sergeant.
The gnoll sergeant hits you but does no damage.
You hit the gnoll sergeant but do no damage.
You squeeze the gnoll sergeant, but do no damage.
The gnoll sergeant is moderately wounded.
You constrict the gnoll sergeant, but do no damage.
The gnoll sergeant hits you with a +0 spear!!
* * * LOW HITPOINT WARNING * * *
The gnoll sergeant hits you but does no damage.
You hit the gnoll sergeant.
The gnoll sergeant is moderately wounded.
You constrict the gnoll sergeant.
The gnoll sergeant hits you with a +0 spear!
You die...

#.. #..
.. #.#
##### ..
....
#.#..#
#)g).#
###h#.##
+...$..#
##.#...#
#.##.>#
#.##..#
#.##..#
#.##..#
#.##..#
#.##..#


You could see a neutral gnoll sergeant (fast, strong, insane).

Vanquished Creatures
  Edmund (D:4)
  An ogre (D:4)
  2 scorpions (D:4)
  A jelly (D:4)
  An orc wizard (D:4)
  A gnoll (D:5)
  8 adders
  A dart slug (D:1)
  6 orcs
  9 endoplasms
  A giant cockroach (D:2)
  5 hobgoblins
  6 jackals
  14 kobolds
  4 quokkas
  8 ball pythons
  4 bats
  3 frilled lizards
  4 goblins
  10 rats
90 creatures vanquished.

Vanquished Creatures (collateral kills)
  Jessica (D:2)
  2 gnolls (D:5)
  A kobold (D:2)
  A rat (D:2)
5 creatures vanquished.

Vanquished Creatures (others)
  A hobgoblin (D:4)
  A kobold (D:2)
2 creatures vanquished.

Grand Total: 97 creatures vanquished

Notes
Turn   | Place    | Note
-------+----------+-------------------------------------------
     0 | D:1      | Ethylacetat the Octopode Shapeshifter began the quest for
                  | the Orb.
     0 | D:1      | Reached XP level 1. HP: 13/13 MP: 1/1
   146 | D:1      | Reached XP level 2. HP: 18/18 MP: 2/2
   397 | D:1      | Found a faded altar of an unknown god.
   462 | D:1      | Reached XP level 3. HP: 13/23 MP: 3/3
   546 | D:1      | Found Raxaoh's Vocational Training.
   946 | D:1      | Found Geghinidd's Weapon Emporium.
  1317 | D:2      | Reached XP level 4. HP: 29/29 MP: 4/4
  1478 | D:2      | Noticed Jessica
  1487 | D:2      | Killed Jessica
  1817 | D:3      | Reached XP level 5. HP: 32/34 MP: 5/5
  2514 | D:4      | Found Inumaus's Magic Scroll Boutique.
  2750 | D:4      | Reached skill level 4 in Shapeshifting
  2852 | D:4      | Reached XP level 6. HP: 17/41 MP: 4/6
  3112 | D:4      | Reached XP level 7. HP: 46/46 MP: 7/7
  3129 | D:4      | Noticed Edmund
  3137 | D:4      | Killed Edmund
  3138 | D:4      | Reached skill level 5 in Shapeshifting
  3369 | D:5      | Entered Level 5 of the Dungeon
  3418 | D:5      | Mangled by a gnoll sergeant

Illustrated notes

Levels and vault maps discovered:
D:1:      scummos_arrival_star, layout_basic, serial_shops,
          nicolae_shop_statue_plus, ebering_ecumenical_altar_mist,
          nicolae_shop_vocational
D:2:      layout_basic, lexackson_kobold_supper, uniq_jessica
D:3:      mumra_celtic_spiral_tile, layout_basic, serial_corexii_hall,
          chequers_hall_statues_wall_a, corexii_hall_statues_i,
          chequers_hall_statues_y, chequers_hall_statues_y, serial_shops,
          nicolae_shop_bloodbath_and_beyond, chequers_serial_rivers_small_b,
          st_stairs_14
D:4:      layout_loops_cross, serial_shops, shop, uniq_edmund
D:5:      layout_basic, minmay_temple_entry_glass, uniq_sigmund

Skill      XL: |  1  2  3  4  5  6  7 |
---------------+----------------------+-----
Fighting       | 2 3 |  3.7
Dodging        | 3 |  3.0
Unarmed Combat | 4 |  4.8
Shapeshifting  | 4 5 |  5.1

Action                     |  1- 3 |  4- 6 |  7- 9 || total
---------------------------+-------+-------+-------++-------
  Melee: Unarmed           |    40 |       |       ||    40
         Constrict         |    15 |    16 |     3 ||    34
         Tentacles         |     6 |    12 |     2 ||    20
         Dagger            |    23 |    89 |    14 ||   126
         Punch             |     1 |     5 |       ||     6
   Stab: Sleeping          |     7 |     7 |     1 ||    15
 Armour: Skin              |     4 |    10 |     3 ||    17
  Dodge: Dodged            |    35 |    39 |     7 ||    81

Table legend: (Time is in decaauts)
 A = Elapsed time spent in this place.
 B = Non-inter-level travel time spent in this place.
 C = Inter-level travel time spent in this place.
 D = Time resting spent in this place.
 E = Time spent auto-exploring this place.
 F = Levels seen in this place.
 G = Mean time per level.
                   A        B        C        D        E       F      G
               +--------+--------+--------+--------+--------+-----+--------+
         Total |   3412 |   3292 |    120 |    100 |   2678 |   5 |  682.4 |
       Dungeon |   3412 |   3292 |    120 |    100 |   2678 |   5 |  682.4 |
               +--------+--------+--------+--------+--------+-----+--------+

Top non-repeatable levels by time:
     D:1: 1044 daAuts
     D:4: 908 daAuts
     D:2: 717 daAuts
     D:3: 692 daAuts
     D:5: 48 daAuts
